 Dungeon Crawl Stone Soup version 0.30.0-29-ga12c61a403 (webtiles) character file.

Game seed: 6844994169890867610

56 monsoonserge the Conjurer (level 3, -1/21 HPs)
             Began as a Gargoyle Reaver on June 12, 2023.
             Slain by a goblin
             ... wielding a +2 dagger of distortion
              (4 damage)
             ... on level 2 of the Dungeon.
             The game lasted 00:05:13 (1190 turns).

monsoonserge the Conjurer (Gargoyle Reaver)         Turns: 1190, Time: 00:05:14

Health: -1/21      AC: 15    Str: 17    XL:     3   Next: 97%
Magic:  6/6        EV:  5    Int: 13    God:
Gold:   227        SH:  0    Dex:  8    Spells: 3/6 levels left

rFire   . . .        c - +0 whip
rCold   . . .        (no shield)
rNeg    + . .        g - +0 plate armour
rPois   ∞            (no helmet)
rElec   +            (no cloak)
rCorr   .            (no gloves)
SInv    .            k - +0 pair of boots
Will    .....        (no amulet) Stlth
                     (no ring)
HPRegen 0.23/turn    (no ring)
MPRegen 0.10/turn

%: no passive effects
@: no status effects
A: sickness immunity, AC +3, negative energy resistance 1, electricity
resistance, torment resistance 1, petrification resistance
a: no special abilities


You were on level 2 of the Dungeon.
You visited 1 branch of the dungeon, and saw 2 of its levels.

You collected 227 gold pieces.

Inventory:

Hand Weapons
 a - a +0 mace
 c - a +0 whip (weapon)
Missiles
 h - 2 poisoned darts
Armour
 b - a +0 leather armour
 e - a +0 scale mail
 g - a +0 plate armour (worn)
 k - a +0 pair of boots (worn)
Scrolls
 d - a scroll of immolation {unknown}
 f - a scroll of vulnerability {unknown}
 i - a scroll of noise {unknown}
Potions
 j - a potion of curing {unknown}
 l - a potion of magic {unknown}


   Skills:
 + Level 2.3 Fighting
 + Level 3.4 Maces & Flails
 * Level 1.9 Armour
 + Level 1.9 Dodging
 - Level 2.0 Spellcasting
 + Level 3.6 Conjurations
 + Level 0.7 Necromancy
 + Level 0.2 Translocations


You had 3 spell levels left.
You knew the following spells:

 Your Spells              Type           Power      Damage    Failure   Level
a - Kiss of Death         Conj/Necr      24%        2d7       99%         1
b - Momentum Strike       Conj/Tloc      12%        3d8       100%        2

Your spell library contained the following spells:

 Spells                   Type           Power      Damage    Failure   Level
 Magic Dart               Conj           40%        1d5       97%         1
 Call Imp                 Summ           2%         N/A       100%        2
 Hailstorm                Conj/Ice       5%         3d4       100%        3
 Mephitic Cloud           Conj/Pois/Air  4%         N/A       100%        3


Dungeon Overview and Level Annotations

Branches:
Dungeon (2/15)

Altars:


Innate Abilities, Weirdness & Mutations

You are immune to sickness and miasma.
Your stone body is resilient. (AC +3)
You are immune to poison.
You resist negative energy. (rN+)
You are resistant to electric shocks. (rElec)
You are resistant to unholy torment.
You are immune to petrification.


Message History

You closely miss the ball python.
The ball python is moderately wounded.
The ball python bites you but does no damage.
The ball python constricts you.
You hit the ball python but do no damage.
The ball python is moderately wounded.
The ball python bites you but does no damage.
The ball python constricts you.
You hit the ball python.
You kill the ball python!
You see here a ball python corpse.
A goblin comes into view. It is wielding a +0 dagger.
The goblin shouts!
A goblin comes into view.
It is wielding a +2 dagger of distortion.
The goblin shouts!
You hit the goblin.
The goblin is severely wounded.
The goblin hits you with a +0 dagger.
You closely miss the goblin.
The goblin is severely wounded.
The goblin hits you but does no damage.
A rat comes into view.
You hit the goblin.
You kill the goblin!
The goblin hits you but does no damage. Space warps around you.
Things that are here:
a +0 dagger; a goblin corpse The goblin hits you but does no damage.
Space warps around you. The goblin attacks as you move away!
The goblin hits you but does no damage. Space warps around you.
The goblin attacks as you move away! The goblin barely misses you.
The goblin attacks as you move away!
The goblin hits you with a +2 dagger of distortion.
* * * LOW HITPOINT WARNING * * *
Space warps around you.
* * * LOW HITPOINT WARNING * * *
You hit the goblin.
The goblin is severely wounded.
The goblin hits you but does no damage. Space warps around you.
You die...

#.# ### #.# #..
#.# #.#
#<######## #.#
#))....... ..#
########## #.#
#.# #
########.######.#
#.....@g.##.....#
#.######r..)...#
#.#
#........#.....
#.# #.####...#
### #.# # #####
#.# #.# #.# #.#


You could see a goblin and a rat.

Vanquished Creatures
  A gnoll (D:1)
  A worm (D:2)
  A dart slug (D:1)
  4 bats (D:1)
  5 endoplasms
  3 giant cockroaches
  5 goblins
  2 hobgoblins (D:1)
  2 jackals (D:2)
  3 ball pythons
  3 frilled lizards
  7 kobolds
  2 rats
39 creatures vanquished.

Notes
Turn   | Place    | Note
-------+----------+-------------------------------------------
     0 | D:1      | monsoonserge the Gargoyle Reaver began the quest for the
                  | Orb.
     0 | D:1      | Reached XP level 1. HP: 12/12 MP: 3/3
   161 | D:1      | Reached XP level 2. HP: 10/17 MP: 5/5
   166 | D:2      | Learned a level 2 spell: Momentum Strike
   198 | D:2      | Reached skill level 1 in Armour
   625 | D:1      | Reached XP level 3. HP: 21/21 MP: 6/6
  1190 | D:2      | Slain by a goblin

Illustrated notes

Levels and vault maps discovered:
D:1:      denvon_arrival_planthouse, layout_loops_cross,
          minmay_gold_behind_fungi, minmay_misc_feat_doors,
          minmay_small_reverse_x
D:2:      layout_loops_ring, st_stairs_2

Skill      XL: |  1  2 |
---------------+-------+-----
Armour         | 1 |  1.9
Fighting       | |  2.3
Maces & Flails | |  3.4
Dodging        | |  1.9
Spellcasting   | |  2.0
Conjurations   | |  3.6
Necromancy     | |  0.7
Translocations | |  0.2

Action                     || total
---------------------------++-------
  Melee: Whip              ||   158
         Punch             ||     4
         Mace              ||     1
 Armour: Leather armour    ||    39
         Plate armour      ||    57
  Dodge: Dodged            ||    51
